 Dungeon Crawl Stone Soup version 0.28.0 (webtiles) character file.

Game seed: 4049541514414186739

110 ragingrage the Skirmisher (level 4, -4/41 HPs)
             Began as a Minotaur Berserker on Feb 7, 2022.
             Was a Believer of Trog.
             Slain by a gnoll (7 damage)
             ... on level 3 of the Dungeon.
             The game lasted 00:01:42 (2386 turns).

ragingrage the Skirmisher (Minotaur Berserker)      Turns: 2386, Time: 00:01:42

Health: -4/41      AC:  3    Str: 23    XL:     4   Next: 61%
Magic:  3/3        EV: 12    Int:  4    God:    Trog [**....]
Gold:   78         SH:  0    Dex: 10    Spells: 3/3 levels left

rFire   . . .      SeeInvis .   c - +0 short sword (venom)
rCold   . . .      Faith    .   (no shield)
rNeg    . . .      Spirit   .   b - +0 animal skin
rPois   .          Reflect  .   (helmet restricted)
rElec   .          Harm     .   e - +0 cloak
rCorr   .          Rampage  .   (no gloves)
Will    .....                   (no boots)
Stlth   +.........              (no amulet)
HPRegen 0.13/turn               (no ring)
MPRegen 0.08/turn               (no ring)

@: on berserk cooldown, slowed, very slow
A: horns 2, retaliatory headbutt
a: Renounce Religion, Berserk, Trog's Hand


You were on level 3 of the Dungeon.
You worshipped Trog.
Trog was pleased with you.
You visited 1 branch of the dungeon, and saw 3 of its levels.

You collected 78 gold pieces.

Inventory:

Hand Weapons
 a - a +0 hand axe
 c - a +0 short sword of venom (weapon)
Armour
 b - a +0 animal skin (worn)
 e - a +0 cloak (worn)
Scrolls
 d - a scroll of silence {unknown}
 g - a scroll of magic mapping {unknown}
 i - a scroll of vulnerability {unknown}
 l - a scroll of teleportation {unknown}
 n - a scroll of identify {unknown}
Potions
 f - a potion of curing {unknown}
 h - a potion of attraction {unknown}
 j - a potion of ambrosia {unknown}
 k - a potion of flight {unknown}
 m - a potion of resistance {unknown}
 o - a potion of heal wounds {unknown}


   Skills:
 + Level 4.5 Fighting
 + Level 4.5 Axes
 + Level 3.5 Armour
 + Level 3.3 Dodging


You had 3 spell levels left.
You didn't know any spells.
Your spell library was empty.

Dungeon Overview and Level Annotations

Branches:
Dungeon (3/15)

Altars:
Hepliaklqana
Ru

Shops:
D:2 *   D:3 !


Innate Abilities, Weirdness & Mutations

You have a pair of horns on your head.
You reflexively headbutt those who attack you in melee.


Message History

You headbutt the worm!
The worm is almost dead.
The endoplasm barely misses you. You furiously retaliate!
You headbutt the endoplasm!
You kill the endoplasm!
Trog accepts your kill.
A gnoll comes into view. It is wielding a +0 halberd.
The gnoll shouts!
You hit the worm.
You kill the worm!
Trog accepts your kill.
You puncture the dart slug!
You kill the dart slug!
Trog accepts your kill.
The gnoll shaman shouts!
The gnoll shouts!
Found a hazy altar of Hepliaklqana.
You feel a strong urge to attack something.
The gnoll hits you from afar with a +0 spear.
The gnoll hits you from afar with a +0 spear.
The gnoll closely misses you.
You feel your anger nearly subside.
You are no longer berserk.
You are exhausted.
You feel yourself slow down.
The gnoll hits you from afar with a +0 spear.
You hit the gnoll.
The gnoll is poisoned.
The gnoll is lightly wounded.
The gnoll hits you with a +0 spear! The gnoll closely misses you.
The gnoll hits you but does no damage. The gnoll hits you with a +0 halberd.
* * * LOW HITPOINT WARNING * * *
The gnoll barely misses you. You furiously retaliate!
You headbutt the gnoll. The gnoll closely misses you.
You barely miss the gnoll. You headbutt the gnoll.
The gnoll is moderately wounded.
The gnoll shaman hits you with a +0 whip.
* * * LOW HITPOINT WARNING * * *
The gnoll hits you from afar with a +0 spear.
* * * LOW HITPOINT WARNING * * *
The gnoll barely misses you. x2
The gnoll hits you from afar with a +0 spear!
You die...

.# ##.........# #.#.###. .#
###..........# #.#..... .#
#............# #...#### .#
#.#..........## ##..# #
.#####.#.....†.....# #.## ##
.##.........#......# #..# #.
.......#..#.#......# ######.###.
.##.##......#......####.......##.
.##.##....###..g@g....#.......##.
..(.#####...#...g.....#.......##.
##### #...#####gg...#######.†##
#######g#######..P..# #....
#........g<...#.....# #....
#.......g####.#.._..# #....
#.............#.....# ###[.
#...###########..P..# ##. #.. #.


You could see a gnoll shaman and 4 gnolls.

Vanquished Creatures
  Jessica (D:2)
  4 adders
  A white imp (D:3)
  2 worms
  A dart slug (D:3)
  6 ball pythons
  3 bats
  3 endoplasms
  2 giant cockroaches
  3 goblins
  A hobgoblin (D:1)
  5 quokkas
  A kobold (D:3)
  3 rats
36 creatures vanquished.

Notes
Turn   | Place    | Note
-------+----------+-------------------------------------------
     0 | D:1      | ragingrage the Minotaur Berserker began the quest for the
                  | Orb.
     0 | D:1      | Reached XP level 1. HP: 19/19 MP: 0/0
   136 | D:1      | Reached XP level 2. HP: 20/27 MP: 1/1
   947 | D:2      | Noticed Jessica
   957 | D:2      | Killed Jessica
   958 | D:2      | Reached XP level 3. HP: 20/33 MP: 2/2
  1158 | D:2      | Found Ovigag's Assorted Antiques.
  1667 | D:3      | Reached XP level 4. HP: 10/41 MP: 3/3
  2067 | D:3      | Found a sacrificial altar of Ru.
  2095 | D:3      | Reached ** piety under Trog
  2168 | D:3      | Found Tetesa's Distillery.
  2382 | D:3      | Found a hazy altar of Hepliaklqana.
  2386 | D:3      | Slain by a gnoll

Illustrated notes

Levels and vault maps discovered:
D:1:      mrwooster_arrival_arrow, layout_basic
D:2:      layout_rooms, serial_shops, shop, kennysheep_boxes, uniq_jessica
D:3:      layout_basic, mainiacjoe_overflow_concentric_impassable,
          mainiacjoe_overflow_tiny_flanked, serial_shops,
          nicolae_shop_waterfront

Skill      XL: |  1  2  3 |
---------------+----------+-----
Fighting       | 4 |  4.5
Axes           | 4 |  4.5
Armour         | 3 |  3.5
Dodging        | 3 |  3.3

Action                   |  1- 3 |  4- 6 || total
-------------------------+-------+-------++-------
Melee: Short sword       |    32 |    28 ||    60
       Hand axe          |     7 |       ||     7
       Headbutt          |     4 |     2 ||     6
Invok: Berserk           |     2 |     2 ||     4
 Stab: Sleeping          |     2 |       ||     2
Armor: Animal skin       |     6 |     5 ||    11
Dodge: Dodged            |    35 |    20 ||    55
